 Dungeon Crawl Stone Soup version 0.32-a0-928-g1cae6b7ea0 (webtiles) character file.

Game seed: 3864119686471006546

718 Biggs the Magician (level 8, -2/50 HPs)
             Began as a Djinni Conjurer on Apr 12, 2024.
             Killed from afar by a white imp (6 damage)
             ... with a puff of frost
             ... on level 6 of the Dungeon.
             The game lasted 00:06:25 (2083 turns).

Biggs the Magician (Djinni Conjurer)                Turns: 2083, Time: 00:06:26

Health: -2/50      AC:  4    Str:  6    XL:     8   Next: 1%
Gold:   159        EV: 11    Int: 23    God:
                   SH:  0    Dex: 11

rFire   + + .        (no weapon)
rCold   . . .        (no shield)
rNeg    + . .        a - +0 robe
rPois   ∞            n - +0 helmet
rElec   .            m - +0 cloak
rCorr   .            (no gloves)
SInv    .            (boots unavailable)
Will    .....        (no amulet)
Stlth   ++           o - ring of protection from cold
HPRegen 0.28/turn    s - ring of positive energy

%: infuse magic (-3 HP)
@: flying, very slightly contaminated
A: sickness immunity, fire resistance 2, cold vulnerability 1, float, innate
caster, HP casting, extra vitality 1
a: no special abilities


You were on level 6 of the Dungeon.
You visited 2 branches of the dungeon, and saw 7 of its levels.

You collected 159 gold pieces.

Inventory:

Armour
 a - a +0 robe (worn)
 f - a +1 ring mail of poison resistance
 m - a +0 cloak (worn)
 n - a +0 helmet (worn)
Jewellery
 o - a ring of protection from cold (left hand)
 s - a ring of positive energy (right hand)
Wands
 p - a wand of flame (8)
Scrolls
 b - 4 scrolls of identify {unknown}
 d - 3 scrolls of fog {unknown}
 g - a scroll of amnesia {unknown}
 k - a scroll of vulnerability {unknown}
 l - a scroll of poison {unknown}
 q - a scroll of revelation {unknown}
 t - a scroll of noise {unknown}
Potions
 c - a potion of berserk rage {unknown}
 e - a potion of curing {unknown}
 h - a potion of enlightenment {unknown}
 i - 2 potions of invisibility {unknown}
 j - a potion of mutation {unknown}
 r - a potion of attraction {unknown}


   Skills:
 - Level 2.1 Dodging
 - Level 1.5 Stealth
 + Level 7.4 Spellcasting
 + Level 7.4 Conjurations
 + Level 7.4 Hexes
 + Level 7.4 Summonings
 + Level 7.4 Necromancy
 + Level 7.4 Translocations
 + Level 7.4 Fire Magic
 + Level 7.4 Ice Magic
 + Level 7.4 Air Magic
 + Level 7.4 Earth Magic
 + Level 7.4 Alchemy


You knew the following spells:

 Your Spells              Type           Power      Damage    Failure   Level
a - Magic Dart            Conj           100%       1d8       1%          1
b - Searing Ray           Conj           84%        2d7       1%          2
c - Fulminant Prism       Conj/Alch      21%        3d12      3%          4
d - Iskenderun's Mystic   Conj/Tloc      42%        2d10      (+2d53%     4
e - Apportation           Tloc           84%        N/A       1%          1
f - Scorch                Fire           84%        2d8       1%          2
g - Vampiric Draining     Necr           42%        2d9       1%          3
Your spell library was empty.

Dungeon Overview and Level Annotations

Branches:
Dungeon (6/15)             Temple (1/1) D:4

Altars:
Cheibriados
Dithmenos
Fedhas
Gozag
Nemelex Xobeh
Okawaru
Qazlal
Ru
Uskayaw
Wu Jian
Yredelemnul
Zin
The Shining One

Annotations:
D:5 1 runed translucent door, osoart's ghost, novice MDFi
D:6 1 runed translucent door, Stellion's ghost, novice MDFi


Innate Abilities, Weirdness & Mutations

You are immune to sickness and miasma.
You are immune to poison.
Your flesh is very heat resistant. (rF++)
You are vulnerable to cold. (rC-)
You float through the air rather than walking.
You learn spells naturally, not from books.
Your magical power is your life essence.
You have superior vitality. (+4 MHP)


Message History

The mystic blast hits the orc!
You kill the orc!
The mystic blast hits the kobold!!
You kill the kobold!
* * * LOW HITPOINT WARNING * * *
Unknown command.
Unknown command.
Casting: Iskenderun's Mystic Blast (dangerous; 3% risk of failure)
Confirm with . or Enter, or press ? or * to list all spells.
You erupt in a blast of force!
The mystic blast hits the orc.
The orc is almost dead.
The orc is knocked back by the mystic blast.
The mystic blast hits the kobold!
You kill the kobold!
The bullfrog gives a loud, deep croak!
* * * LOW HITPOINT WARNING * * *
Unknown command.
Unknown command.
Unknown command.
A white imp comes into view.
Items here: ( ))) [.
Casting: Iskenderun's Mystic Blast (dangerous; 3% risk of failure)
Confirm with . or Enter, or press ? or * to list all spells.
You erupt in a blast of force!
The mystic blast hits the kobold!
You kill the kobold!
The bullfrog croaks.
* * * LOW HITPOINT WARNING * * *
The bullfrog releases a deep croak.
Unknown command.
Unknown command.
Items here: ( )) ††.
Unknown command.
Casting: Iskenderun's Mystic Blast (dangerous; 3% risk of failure)
Confirm with . or Enter, or press ? or * to list all spells.
You erupt in a blast of force!
The mystic blast hits the orc!
You kill the orc!
* * * LOW HITPOINT WARNING * * *
The white imp gestures at you. The puff of frost hits you.
You die...

.#.#..#######.#.#
.............>..
#<#####.##
#.###.......#
#...........#
######.5.##.###
.........).....
########)###.###
~~~~FF#@)# ..
~$~~rS+)$# .#
~~~~FW#.... #
#######....#
....... #######.#
.# #


You could see 3 bullfrogs, Stellion's ghost, an adder, a white imp and a quokka.

Vanquished Creatures
  An orc warrior (D:6)
  3 ogres
  Blork the orc (D:5)
  A bombardier beetle (D:3)
  2 hounds
  An orc priest (D:4)
  A sleepcap (D:5)
  An iguana (D:4)
  5 adders
  4 ufetubi (D:5)
  A dart slug (D:3)
  3 ribbon worms
  4 orcs
  3 bats
  4 endoplasms
  2 giant cockroaches
  6 goblins
  3 hobgoblins
  3 quokkas
  6 ball pythons
  5 frilled lizards
  9 kobolds
  4 rats
73 creatures vanquished.

Notes
Turn   | Place    | Note
-------+----------+-------------------------------------------
     0 | D:1      | Biggs the Djinni Conjurer began the quest for the Orb.
     0 | D:1      | Biggs set off with the following spells memorised: Magic
                  | Dart, Searing Ray, Fulminant Prism, Iskenderun's Mystic
                  | Blast.
     0 | D:1      | Reached XP level 1. HP: 15/15 MP: 0/0
   203 | D:1      | Reached XP level 2. HP: 20/21 MP: 0/0
   546 | D:2      | Reached XP level 3. HP: 24/25 MP: 0/0
   546 | D:2      | Learned a level 1 spell: Apportation
   583 | D:2      | You are sucked into a shaft and drop 1 floor!
   680 | D:3      | Identified the +1 ring mail of a Labyrinth {Dex+3}
   737 | D:3      | Reached XP level 4. HP: 27/31 MP: 0/0
   883 | D:4      | Noticed an ogre
   889 | D:4      | Killed an ogre
   890 | D:4      | Reached skill level 5 in Spellcasting
   890 | D:4      | Reached skill level 5 in Conjurations
   890 | D:4      | Reached skill level 5 in Hexes
   890 | D:4      | Reached skill level 5 in Summonings
   890 | D:4      | Reached skill level 5 in Necromancy
   890 | D:4      | Reached skill level 5 in Translocations
   890 | D:4      | Reached skill level 5 in Fire Magic
   890 | D:4      | Reached skill level 5 in Ice Magic
   890 | D:4      | Reached skill level 5 in Air Magic
   890 | D:4      | Reached skill level 5 in Earth Magic
   890 | D:4      | Reached skill level 5 in Alchemy
   890 | D:4      | Reached XP level 5. HP: 25/35 MP: 0/0
   890 | D:4      | Learned a level 2 spell: Scorch
   901 | D:4      | Reached XP level 6. HP: 17/40 MP: 0/0
  1185 | D:4      | Found an opulent altar of Gozag.
  1273 | D:4      | Found a shadowy altar of Dithmenos.
  1399 | D:4      | Found a staircase to the Ecumenical Temple.
  1411 | Temple   | Entered the Ecumenical Temple
  1438 | D:5      | Entered Level 5 of the Dungeon
  1441 | D:5      | Noticed an ogre
  1444 | D:5      | Noticed Blork the orc
  1445 | D:5      | Killed an ogre
  1446 | D:5      | Reached XP level 7. HP: 31/45 MP: 0/0
  1446 | D:5      | Learned a level 3 spell: Vampiric Draining
  1454 | D:5      | Killed Blork the orc
  1767 | D:5      | Noticed osoart's ghost (novice MDFi)
  1770 | D:5      | Found a runed translucent door.
  2031 | D:5      | Found a glowing golden altar of the Shining One.
  2072 | D:6      | Found a runed translucent door.
  2077 | D:6      | Reached XP level 8. HP: 18/50 MP: 0/0
  2077 | D:6      | Noticed Stellion's ghost (novice MDFi)
  2083 | D:6      | Killed from afar by a white imp

Illustrated notes

Levels and vault maps discovered:
D:1:      ldierk_walled_garden_2, layout_basic, chequers_ecumenical_altar_twisty
D:2:      layout_basic
D:3:      layout_loops_cross, nicolae_vehumet_radiance
D:4:      cheibrodos_barr_body, layout_cave_pools,
          nicolae_dithmenos_the_darkroom, grunt_gozag_breadcrumbs,
          minmay_temple_entry_proselytizer
D:5:      nicolae_BIG_FREAKIN_CUBE, layout_basic,
          mainiacjoe_overflow_six_doors_small, hellmonk_ghost_happy_afterlife,
          chequers_mini_garden, uniq_blork_the_orc
D:6:      hangedman_cross_stitches, layout_basic, lemuel_round_altar,
          ebering_ghost_sewer_f
Temple:   cyrus_temple_forest

Skill      XL: |  1  2  3  4  5  6  7 |
---------------+----------------------+-----
Spellcasting   | 4 5 6 7 |  7.4
Conjurations   | 4 5 6 7 |  7.4
Hexes          | 4 5 6 7 |  7.4
Summonings     | 4 5 6 7 |  7.4
Necromancy     | 4 5 6 7 |  7.4
Translocations | 4 5 6 7 |  7.4
Fire Magic     | 4 5 6 7 |  7.4
Ice Magic      | 4 5 6 7 |  7.4
Air Magic      | 4 5 6 7 |  7.4
Earth Magic    | 4 5 6 7 |  7.4
Alchemy        | 4 5 6 7 |  7.4
Dodging        | |  2.1
Stealth        | |  1.5

Action                     |  1- 3 |  4- 6 |  7- 9 || total
---------------------------+-------+-------+-------++-------
  Melee: Unarmed           |     3 |       |     1 ||     4
   Cast: Magic Dart        |    49 |    25 |       ||    74
         Searing Ray       |     3 |    12 |     5 ||    20
         Iskenderun's Myst |       |     4 |    21 ||    25
 Armour: Robe              |     7 |     7 |    15 ||    29
  Dodge: Dodged            |     7 |     9 |    13 ||    29

Table legend: (Time is in decaauts)
 A = Elapsed time spent in this place.
 B = Non-inter-level travel time spent in this place.
 C = Inter-level travel time spent in this place.
 D = Time resting spent in this place.
 E = Time spent auto-exploring this place.
 F = Levels seen in this place.
 G = Mean time per level.
                   A        B        C        D        E       F      G
               +--------+--------+--------+--------+--------+-----+--------+
         Total |   2081 |   2044 |     37 |    267 |    927 |   7 |  297.3 |
       Dungeon |   2080 |   2043 |     37 |    267 |    927 |   6 |  346.7 |
        Temple |      1 |      1 |      0 |      0 |      0 |   1 |    1.0 |
               +--------+--------+--------+--------+--------+-----+--------+

Top non-repeatable levels by time:
     D:4: 703 daAuts
     D:5: 479 daAuts
     D:1: 366 daAuts
     D:3: 299 daAuts
     D:2: 216 daAuts
     D:6: 14 daAuts
  Temple: 1 daAuts
